 Dungeon Crawl Stone Soup version 0.31.0-2-g5a2aebc5c2 (webtiles) character file.

Game seed: 15833468162505880181

1844 groovy9 the Cleaver (level 9, -1/79 HPs)
             Began as a Hill Orc Fighter on Jan 21, 2024.
             Was a Follower of Ashenzari.
             Slain by a boulder beetle (14 damage)
             ... on level 7 of the Dungeon.
             The game lasted 00:18:28 (6091 turns).

groovy9 the Cleaver (Hill Orc Fighter)              Turns: 6091, Time: 00:18:29

Health: -1/79      AC:  7    Str: 23    XL:     9   Next: 12%
Magic:  9/9        EV: 10    Int: 14    God:    Ashenzari [*.....]
Gold:   248        SH:  6    Dex: 10    Spells: 8/8 levels left

rFire   . . .        a - +1 war axe
rCold   . . .        c - +1 buckler of the Ruined Sorrow {Elem, Cun} (curse)
rNeg    + . .        i - +0 ring mail of the Thunderstorm {*Slow rN+ Will++ rCorr}
rPois   .            (no helmet)
rElec   .            d - +0 cloak of Ashenzari's Omen {Comp, Fort} (curse)
rCorr   +            (no gloves)
SInv    .            (no boots)
Will    ++...        (no amulet) Stlth
                     k - +6 ring of intelligence
HPRegen 0.33/turn    (no ring)
MPRegen 0.11/turn

%: slow self (1%)
@: no status effects
A: no striking features
a: Renounce Religion, Shatter the Chains


You were on level 7 of the Dungeon.
You worshipped Ashenzari.
Ashenzari was aware of your devotion.
You visited 2 branches of the dungeon, and saw 8 of its levels.

You collected 248 gold pieces.

Inventory:

Hand Weapons
 a - a +1 war axe (weapon)
 u - the +0 hammer of the Dead {vamp, Int+3 Dex+4}
   (You found it on level 4 of the Dungeon)

   Int+3:     It affects your intelligence (+3).
   Dex+4:     It affects your dexterity (+4).
Armour
 c - the cursed +1 buckler of the Ruined Sorrow (worn) {Elem, Cun}

   It has a curse which improves the following skills: Elements: Fire Magic, Ice
   Magic, Air Magic and Earth Magic.
   Cunning:   Dodging and Stealth.
 d - the cursed +0 cloak of Ashenzari's Omen (worn) {Comp, Fort}
   (You took it off Crazy Yiuf on level 4 of the Dungeon)

   It has a curse which improves the following skills: Companions: Summonings
   and Necromancy.
   Fortitude: Armour and Shields.
 i - the +0 ring mail of the Thunderstorm (worn) {*Slow rN+ Will++ rCorr}
   (You found it on level 7 of the Dungeon)

   rN+:       It protects you from negative energy.
   Will++:    It greatly increases your willpower.
   rCorr:     It protects you from acid and corrosion.
   *Slow:     It may slow you when you take damage.
 o - a +0 chain mail
Jewellery
 k - a +6 ring of intelligence (left hand)
Wands
 h - a wand of flame (5)
 x - a wand of iceblast (8)
Scrolls
 e - a scroll of enchant weapon
 p - a scroll of identify
Potions
 b - a potion of ambrosia
 f - 2 potions of brilliance
 j - 3 potions of cancellation
 l - 3 potions of curing
 m - 2 potions of invisibility
 n - 4 potions of mutation
 t - a potion of enlightenment


   Skills:
 + Level 7.1 Fighting
 * Level 9.9 Axes
 + Level 6.4(7.2) Armour
 + Level 6.6(7.4) Shields


You had 8 spell levels left.
You didn't know any spells.
Your spell library contained the following spells:

 Spells                   Type           Power      Damage    Failure   Level
 Blink                    Tloc           0%         N/A       58%         2
 Lesser Beckoning         Tloc           0%         N/A       58%         2
 Momentum Strike          Conj/Tloc      0%         3d8       58%         2
 Summon Ice Beast         Ice/Summ       0%         N/A       83%         3
 Summon Mana Viper        Hex/Summ       0%         N/A       100%        5
 Monstrous Menagerie      Summ           0%         N/A       100%        7


Dungeon Overview and Level Annotations

Branches:
Dungeon (7/15)             Temple (1/1) D:4

Altars:
Ashenzari
Cheibriados
Dithmenos
Elyvilon
Fedhas
Gozag
Kikubaaqudgha
Makhleb
Nemelex Xobeh
Okawaru
Qazlal
Ru
Sif Muna
Trog
Uskayaw
Vehumet
Wu Jian
Xom
Yredelemnul
Zin
The Shining One


Message History

The boulder beetle leaps!
You start resting.
The walls and floor vibrate strangely for a moment.
You start resting.
A boulder beetle is nearby!
You hit the boulder beetle but do no damage.
The boulder beetle is heavily wounded.
The boulder beetle bites you!!
You hit the boulder beetle but do no damage.
The boulder beetle is heavily wounded.
The boulder beetle barely misses you.
You completely miss the boulder beetle.
The boulder beetle is heavily wounded.
You block the boulder beetle's attack.
You hit the boulder beetle but do no damage.
The boulder beetle is heavily wounded.
You block the boulder beetle's attack.
You slash the boulder beetle!
The boulder beetle is heavily wounded.
The boulder beetle bites you!!
* * * LOW HITPOINT WARNING * * *
You hit the boulder beetle but do no damage.
The boulder beetle is heavily wounded.
The boulder beetle closely misses you.
You barely miss the boulder beetle.
The boulder beetle is heavily wounded.
The boulder beetle bites you.
* * * LOW HITPOINT WARNING * * *
You hit the boulder beetle.
The boulder beetle is severely wounded.
You block the boulder beetle's attack.
You hit the boulder beetle.
The boulder beetle is severely wounded.
The boulder beetle bites you.
* * * LOW HITPOINT WARNING * * *
You slash the boulder beetle!
The boulder beetle is severely wounded.
The boulder beetle waves its antennae.
The boulder beetle bites you!
You die...

#.# #.#<#.#.....# #.#
#.......###.# #.#
####.##.# #.#
#.######.##.# #.##
####.#...##....# #...
#..........##### ###.
###########'############.
.......B..÷..........H...
.#.#.#○#@#.#.#.#.#.#.#.##
°..#.(...).# .....#
############# #######


You could see a boulder beetle.

Vanquished Creatures
  A manticore (D:7)
  A slime creature (D:7)
  A wyvern (D:5)
  2 steam dragons
  A black bear (D:4)
  Blork the orc (D:4)
  2 scorpions
  A bullfrog (D:6)
  A howler monkey (D:6)
  A bombardier beetle (D:5)
  A jelly (D:6)
  4 hounds
  An orc priest (D:7)
  Crazy Yiuf (D:4)
  A gnoll bouda (D:6)
  A sleepcap (D:6)
  4 iguanas
  3 gnolls (D:6)
  9 adders
  A shadow imp (D:6)
  2 white imps
  2 ribbon worms (D:2)
  4 orcs
  5 ball pythons
  5 endoplasms
  3 giant cockroaches
  A goblin (D:2)
  5 hobgoblins
  2 jackals (D:1)
  A quokka (D:1)
  3 bats (D:3)
  4 frilled lizards
  6 kobolds
  6 rats
87 creatures vanquished.

Notes
Turn   | Place    | Note
-------+----------+-------------------------------------------
     0 | D:1      | groovy9 the Hill Orc Fighter began the quest for the Orb.
     0 | D:1      | Reached XP level 1. HP: 19/19 MP: 1/1
   125 | D:1      | Reached skill level 3 in Axes
   301 | D:1      | Reached XP level 2. HP: 27/27 MP: 2/2
  1012 | D:2      | Reached XP level 3. HP: 30/33 MP: 3/3
  1081 | D:2      | You fall into a shaft and drop 1 floor!
  1717 | D:3      | Reached skill level 4 in Axes
  1717 | D:3      | Reached XP level 4. HP: 40/40 MP: 4/4
  2309 | D:4      | Found a staircase to the Ecumenical Temple.
  2338 | Temple   | Entered the Ecumenical Temple
  2380 | D:4      | Reached XP level 5. HP: 12/47 MP: 5/5
  2614 | D:4      | Found a runed translucent door.
  2615 | D:4      | Noticed Crazy Yiuf
  2622 | D:4      | Killed Crazy Yiuf
  2623 | D:4      | Reached skill level 5 in Axes
  2631 | D:4      | Identified the +0 hammer of the Dead {vamp, Int+3 Dex+4}
  2726 | D:4      | Noticed a black bear
  2742 | D:4      | Killed a black bear
  2743 | D:4      | Reached XP level 6. HP: 26/55 MP: 6/6
  3263 | D:5      | Entered Level 5 of the Dungeon
  3265 | D:5      | Noticed Blork the orc
  3289 | D:4      | Killed Blork the orc
  3290 | D:4      | Reached skill level 5 in Fighting
  3290 | D:4      | Reached skill level 6 in Axes
  3598 | Temple   | Became a worshipper of Ashenzari the Shackled
  3696 | D:5      | Reached XP level 7. HP: 51/61 MP: 7/7
  4080 | D:5      | Noticed a wyvern
  4083 | D:5      | Killed a wyvern
  4084 | D:5      | Reached skill level 7 in Axes
  4084 | D:5      | Reached skill level 5 in Armour
  4084 | D:5      | Reached skill level 5 in Shields
  4177 | D:5      | Found an ancient bone altar of Kikubaaqudgha.
  4424 | D:6      | Noticed a steam dragon
  4430 | D:6      | Killed a steam dragon
  4437 | D:6      | Reached XP level 8. HP: 30/70 MP: 8/8
  5001 | D:6      | Reached skill level 8 in Axes
  5353 | D:6      | Reached * piety under Ashenzari
  5682 | D:7      | Identified the +0 ring mail of the Thunderstorm {*Slow rN+
                  | Will++ rCorr}
  5708 | D:7      | Noticed a manticore
  5721 | D:7      | Killed a manticore
  5722 | D:7      | Reached skill level 9 in Axes
  5722 | D:7      | Reached XP level 9. HP: 78/78 MP: 9/9
  5835 | D:7      | HP: 3/79 [slime creature (17)]
  6031 | D:7      | Noticed a boulder beetle
  6061 | D:7      | Identified the cursed +0 cloak of Ashenzari's Omen {Comp,
                  | Fort} (You took it off Crazy Yiuf on level 4 of the
                  | Dungeon)
  6091 | D:7      | Slain by a boulder beetle

Illustrated notes

Levels and vault maps discovered:
D:1:      dpeg_arrival_fog, layout_loops_ring, corexii_item_surrounded_by_moat
D:2:      layout_basic, serial_rivers, chequers_serial_rivers_room_b,
          chequers_serial_rivers_room_a, chequers_serial_rivers_micro_d,
          chequers_serial_rivers_micro_e
D:3:      layout_loops_cross, kennysheep_generic_room_7
D:4:      layout_rooms, minmay_temple_entry_mini_moons, palyth_stone_intersect,
          uniq_crazy_yiuf_cottage
D:5:      layout_loops_cross, kennysheep_mini_moat, uniq_blork_the_orc
D:6:      layout_basic
D:7:      layout_basic, nicolae_ossuary_entry_plus, hangedman_minor_gate_pass
Temple:   mainiacjoe_temple_cubbyholes

Skill      XL: |  1  2  3  4  5  6  7  8  9 |
---------------+----------------------------+-----
Axes           | 3 4 5 6 7 9 |  9.9
Fighting       | 4 5 6 7 |  7.1
Armour         | 4 5 6 |  6.4
Shields        | 4 5 6 |  6.6

Action                     |  1- 3 |  4- 6 |  7- 9 || total
---------------------------+-------+-------+-------++-------
  Melee: War axe           |    92 |    64 |   135 ||   291
         Mace              |       |    37 |       ||    37
 Invoke: Curse Item        |       |       |     2 ||     2
  Evoke: Wand              |       |       |     3 ||     3
    Use: Scroll            |       |     3 |     9 ||    12
         Potion            |       |     1 |     4 ||     5
 Armour: Scale mail        |    53 |       |       ||    53
         Chain mail        |     5 |   116 |    63 ||   184
         Ring mail         |       |       |    25 ||    25
         Skin              |       |       |     7 ||     7
  Dodge: Dodged            |    41 |    39 |    52 ||   132
  Block: Buckler           |    21 |    27 |    35 ||    83
